 Dungeon Crawl Stone Soup version 0.29.1-15-g9cfb28693d (webtiles) character file.

Game seed: 3856957504176053585

14 FaviusArthum the Trooper (level 2, 0/18 HPs)
             Began as a Deep Elf Abyssal Knight on Aug 31, 2023.
             Was a Believer of Lugonu.
             Slain by a quokka (1 damage)
             ... on level 2 of the Dungeon.
             The game lasted 00:02:18 (511 turns).

FaviusArthum the Trooper (Deep Elf Abyssal Knight)   Turns: 511, Time: 00:02:19

Health: 0/18       AC:  3    Str: 10    XL:     2   Next: 31%
Magic:  5/5        EV: 12    Int: 14    God:    Lugonu [**....]
Gold:   11         SH:  0    Dex: 15    Spells: 3/3 levels left

rFire   . . .      SeeInvis .   a - +1 spear
rCold   . . .      Faith    .   (no shield)
rNeg    . . .      Spirit   .   b - +0 leather armour
rPois   .          Reflect  .   (no helmet)
rElec   .          Harm     .   (no cloak)
rCorr   .          Rampage  .   (no gloves)
Will    .....                   (no boots)
Stlth   +.........              (no amulet)
HPRegen 0.06/turn               (no ring)
MPRegen 0.09/turn               (no ring)

@: no status effects
A: no striking features
a: Renounce Religion, Depart the Abyss, Bend Space


You were on level 2 of the Dungeon.
You worshipped Lugonu.
Lugonu was pleased with you.
You visited 1 branch of the dungeon, and saw 2 of its levels.
You visited the Abyss 1 time.

You collected 11 gold pieces.

Inventory:

Hand Weapons
 a - a +1 spear (weapon)
 c - a +0 dagger of speed
 d - a +0 dagger
Armour
 b - a +0 leather armour (worn)
Scrolls
 e - a scroll of amnesia


   Skills:
 + Level 2.6 Fighting
 + Level 1.5 Polearms
 * Level 1.0 Armour
 + Level 2.5 Dodging
 * Level 1.0 Spellcasting
 + Level 2.0 Invocations


You had 3 spell levels left.
You didn't know any spells.
Your spell library was empty.

Dungeon Overview and Level Annotations

Branches:
Dungeon (2/15)

Altars:


Message History

The jackal is severely wounded.
The jackal completely misses you. The jackal misses you.
You hit the jackal.
You kill the jackal!
Lugonu accepts your kill.
You closely miss the hobgoblin. The hobgoblin hits you.
You hit the hobgoblin but do no damage. The hobgoblin completely misses you.
You hit the hobgoblin.
The hobgoblin is severely wounded.
The gnoll hits you from afar with a +0 spear.
The hobgoblin hits you.
You hit the hobgoblin.
The hobgoblin is almost dead.
The gnoll hits you from afar with a +0 spear.
* * * LOW HITPOINT WARNING * * *
The hobgoblin misses you.
Found a coppery potion.
Found a stone staircase leading down.
The hobgoblin hits you.
* * * LOW HITPOINT WARNING * * *
The hobgoblin attacks as you move away!
The hobgoblin hits you but does no damage.
The endoplasm jiggles.
There is a stone staircase leading down here.
The hobgoblin barely misses you.
You climb downwards.
There is a stone staircase leading up here.
You hit the hobgoblin.
You kill the hobgoblin!
Lugonu accepts your kill.
You see here a hobgoblin corpse.
A quokka comes into view.
Found a spear.
A quokka is nearby!
You see here a hobgoblin corpse.
The quokka closely misses you.
You barely miss the quokka. The quokka bites you.
* * * LOW HITPOINT WARNING * * *
The quokka bites you.
You die...

# #.#.
..r..####
#..)....# #.#
#.# #r# #@# #.#
##g## #.<.#
..............#
.....#...######
.###.##### #


You could see a quokka and a hobgoblin.

Vanquished Creatures
  A ball python (D:1)
  An endoplasm (D:1)
  A hobgoblin (D:2)
  3 jackals (D:1)
  A quokka (D:1)
  A goblin (D:1)
  2 kobolds (D:1)
  4 rats (D:1)
14 creatures vanquished.

Notes
Turn   | Place    | Note
-------+----------+-------------------------------------------
     0 | Abyss:1  | FaviusArthum the Deep Elf Abyssal Knight began the quest
                  | for the Orb.
     0 | Abyss:1  | Reached XP level 1. HP: 13/13 MP: 4/4
     1 | D:1      | Escaped the Abyss
   462 | D:1      | Reached XP level 2. HP: 15/18 MP: 5/5
   480 | D:1      | Reached skill level 1 in Spellcasting
   481 | D:1      | Reached skill level 1 in Armour
   511 | D:2      | Slain by a quokka

Illustrated notes

Levels and vault maps discovered:
D:1:      dpeg_arrival_ternary, layout_basic, minmay_tall_x
D:2:      layout_loops_ring, serial_shops, shop_scrolls, uniq_jessica

Skill      XL: |  1  2 |
---------------+-------+-----
Spellcasting   | 1 |  1.0
Armour         | 1 |  1.0
Fighting       | |  2.6
Polearms       | |  1.5
Dodging        | |  2.5
Invocations    | |  2.0

Action                   || total
-------------------------++-------
Melee: Spear             ||    46
  Use: Scroll            ||     2
Armor: Leather armour    ||    11
Dodge: Dodged            ||    22
